 Dungeon Crawl Stone Soup version 0.29-a0-816-g82769f0e0c (webtiles) character file.

Game seed: 15423919324079867782

2997 Essalna the Fighter (level 10, -1/78 HPs)
             Began as a Djinni Conjurer on July 5, 2022.
             Slain by a gargoyle
             ... wielding a +0 mace
              (4 damage)
             ... on level 7 of the Dungeon.
             The game lasted 00:14:57 (8116 turns).

Essalna the Fighter (Djinni Conjurer)               Turns: 8116, Time: 00:14:57

Health: -1/78      AC: 10    Str:  6    XL:     10   Next: 9%
Gold:   267        EV: 12    Int: 25    God:
                   SH:  0    Dex: 11

rFire   + + .      SeeInvis .   p - staff of cold
rCold   . . .      Faith    .   (no shield)
rNeg    . . .      Spirit   .   a - +0 robe
rPois   ∞          Reflect  .   (no helmet)
rElec   .          Harm     .   (no cloak)
rCorr   .          Rampage  .   (no gloves)
Will    +....                   (boots unavailable)
Stlth   ++........              (no amulet)
HPRegen 0.23/turn               h - +4 ring of protection
MPRegen 0.00/turn               C - +4 ring of protection

@: flying
A: sickness immunity, fire resistance 2, cold vulnerability 1, float, innate
caster, HP casting, extra vitality 1
a: no special abilities


You were on level 7 of the Dungeon.
You visited 1 branch of the dungeon, and saw 7 of its levels.

You collected 267 gold pieces.

Inventory:

Hand Weapons
 n - a +4 dagger
Armour
 a - a +0 robe (worn)
Magical Staves
 p - a staff of cold (weapon)
Jewellery
 h - a +4 ring of protection (left hand)
 C - a +4 ring of protection (right hand)
Wands
 v - a wand of paralysis (11)
 w - a wand of mindburst (10)
Scrolls
 b - 3 scrolls of blinking {unknown}
 e - 2 scrolls of teleportation {unknown}
 g - a scroll of fog {unknown}
 i - 4 scrolls of poison {unknown}
 k - a scroll of torment {unknown}
 q - a scroll of immolation {unknown}
 r - a scroll of amnesia {unknown}
 s - a scroll of fear {unknown}
 t - a scroll of enchant armour {unknown}
 u - 2 scrolls of magic mapping {unknown}
 y - a scroll of identify
 B - a scroll of summoning {unknown}
Potions
 c - 4 potions of brilliance
 d - a potion of resistance
 f - 4 potions of might
 j - a potion of berserk rage {unknown}
 l - 3 potions of curing
 m - a potion of cancellation
 o - a potion of lignification
 x - a potion of magic
 z - 2 potions of haste {unknown}
 A - a potion of flight {unknown}
 D - a potion of degeneration {unknown}


   Skills:
 + Level 9.4 Fighting
 - Level 2.1 Dodging
 - Level 1.5 Stealth
 + Level 8.0 Spellcasting


You had 2 spell levels left.
You knew the following spells:

 Your Spells              Type           Power      Damage    Failure   Level
a - Magic Dart            Conj           100%       1d8       1%          1
b - Searing Ray           Conj           100%       2d8       1%          2
c - Dazzling Flash        Conj/Hex       100%       N/A       1%          3
d - Fulminant Prism       Conj/Hex       25%        3d14      2%          4
e - Iskenderun's Mystic   Conj/Tloc      50%        2d11      2%          4
f - Necrotise             Necr           100%       1d9       1%          1
g - Ensorcelled Hibernat  Hex/Ice        100%       N/A       1%          2
h - Conjure Flame         Conj/Fire      50%        6-21      1%          3
i - Mephitic Cloud        Conj/Pois/Air  50%        N/A       1%          3
Your spell library was empty.

Dungeon Overview and Level Annotations

Branches:
Dungeon (7/15)
 Temple: D:4-7

Altars:
Uskayaw

Shops:
D:7 *


Innate Abilities, Weirdness & Mutations

You are immune to sickness and miasma.
You are immune to poison.
Your flesh is very heat resistant. (rF++)
You are vulnerable to cold. (rC-)
You float through the air rather than walking.
You learn spells naturally, not from books.
Your magical power is your life essence.
You have superior vitality. (+4 MHP)


Message History

The gargoyle hurls a stone arrow at you.
The stone arrow hits you!
Casting: Iskenderun's Mystic Blast (dangerous; 2% risk of failure)
Confirm with . or Enter, or press ? or * to list all spells.
You erupt in a blast of force!
The mystic blast hits the gargoyle.
The gargoyle is heavily damaged.
The gargoyle is knocked back by the mystic blast.
The gargoyle hurls a stone arrow at you.
The stone arrow misses you.
Casting: Iskenderun's Mystic Blast (dangerous; 2% risk of failure)
Confirm with . or Enter, or press ? or * to list all spells.
You erupt in a blast of force!
The mystic blast hits the gargoyle.
The gargoyle is severely damaged.
The gargoyle is knocked back by the mystic blast.
The gargoyle hurls a stone arrow at you.
The stone arrow hits you!
Casting: Iskenderun's Mystic Blast (dangerous; 2% risk of failure)
Confirm with . or Enter, or press ? or * to list all spells.
You erupt in a blast of force!
The mystic blast hits the gargoyle.
The gargoyle is severely damaged.
The gargoyle is knocked back by the mystic blast.
The gargoyle hurls a stone arrow at you.
The stone arrow misses you. The gargoyle misses you.
Casting: Iskenderun's Mystic Blast (dangerous; 2% risk of failure)
Confirm with . or Enter, or press ? or * to list all spells.
You erupt in a blast of force!
The mystic blast hits the gargoyle but does no damage.
The gargoyle is severely damaged.
* * * LOW HITPOINT WARNING * * *
The gargoyle hits you with a +0 mace!
* * * LOW HITPOINT WARNING * * *
Casting: Iskenderun's Mystic Blast (dangerous; 2% risk of failure)
Confirm with . or Enter, or press ? or * to list all spells.
You erupt in a blast of force!
The mystic blast hits the gargoyle but does no damage.
The gargoyle is severely damaged.
* * * LOW HITPOINT WARNING * * *
The gargoyle hits you with a +0 mace.
You die...

############
#..........#
#..........#
#..........#
##..........#
#
............#
#
#.....9....##
#
##...[.@.....#
#
>.......####.#
# ........# #
.........#
.........#
.........#
9........####
........>'..#
.........##.#


You could see a gargoyle.

Vanquished Creatures
  A cyclops (D:6)
  Maggie (D:6)
  The ghost of crabbyslav the Grave Robber, an amateur DsNe (D:5)
  3 water moccasins
  A sky beast (D:6)
  2 ice beasts
  A black bear (D:6)
  2 phantoms (D:4)
  3 centaurs
  A kobold brigand (D:7)
  A bullfrog (D:6)
  A gnoll sergeant (D:6)
  2 scorpions
  2 orc priests (D:4)
  6 hounds
  A jelly (D:4)
  Ijyb (D:4)
  8 iguanas
  2 orc wizards
  3 gnolls (D:6)
  6 adders
  3 white imps
  2 ufetubi (D:5)
  A worm (D:4)
  A dart slug (D:2)
  17 orcs
  3 bats
  4 endoplasms
  4 giant cockroaches
  6 goblins
  5 hobgoblins
  10 jackals (D:2)
  3 quokkas
  4 ball pythons
  7 frilled lizards
  16 kobolds
  4 rats
139 creatures vanquished.

Vanquished Creatures (collateral kills)
  An endoplasm (D:3)
  A quokka (D:2)
2 creatures vanquished.

Grand Total: 141 creatures vanquished

Notes
Turn   | Place    | Note
-------+----------+-------------------------------------------
     0 | D:1      | Essalna the Djinni Conjurer began the quest for the Orb.
     0 | D:1      | Essalna set off with the following spells memorised: Magic
                  | Dart, Searing Ray, Dazzling Flash, Fulminant Prism,
                  | Iskenderun's Mystic Blast.
     0 | D:1      | Reached XP level 1. HP: 15/15 MP: 0/0
   271 | D:1      | Reached XP level 2. HP: 21/22 MP: 0/0
   385 | D:1      | Reached skill level 1 in Fighting
   935 | D:2      | Reached XP level 3. HP: 22/27 MP: 0/0
   935 | D:2      | Learned a level 1 spell: Necrotise
  1122 | D:2      | Found a hide-covered altar of Uskayaw.
  1184 | D:2      | Reached skill level 2 in Fighting
  1305 | D:2      | Reached XP level 4. HP: 25/33 MP: 0/0
  1526 | D:2      | Found a faded altar of an unknown god.
  2292 | D:3      | Reached skill level 3 in Fighting
  2292 | D:3      | Reached XP level 5. HP: 31/40 MP: 0/0
  2292 | D:3      | Learned a level 2 spell: Ensorcelled Hibernation
  3191 | D:4      | Reached XP level 6. HP: 45/46 MP: 0/0
  3478 | D:4      | Reached skill level 4 in Fighting
  3616 | D:4      | Noticed Ijyb
  3619 | D:4      | Paralysed by Ijyb for 3 turns
  3625 | D:4      | Paralysed by Ijyb for 4 turns
  3629 | D:4      | Killed Ijyb
  3860 | D:4      | Reached XP level 7. HP: 38/53 MP: 0/0
  3860 | D:4      | Learned a level 3 spell: Conjure Flame
  3865 | D:4      | Reached skill level 5 in Spellcasting
  4024 | D:4      | Reached skill level 5 in Fighting
  4622 | D:5      | Entered Level 5 of the Dungeon
  4690 | D:5      | Reached XP level 8. HP: 40/60 MP: 0/0
  5163 | D:5      | Reached skill level 6 in Fighting
  5240 | D:5      | Found a runed translucent door.
  5241 | D:5      | Noticed crabbyslav's ghost (amateur DsNe)
  5266 | D:5      | Killed crabbyslav's ghost
  5927 | D:6      | Noticed a cyclops
  5996 | D:6      | Noticed Maggie
  6020 | D:6      | Killed Maggie
  6021 | D:6      | Reached skill level 7 in Fighting
  6021 | D:6      | Reached XP level 9. HP: 24/68 MP: 0/0
  6021 | D:6      | Learned a level 3 spell: Mephitic Cloud
  6476 | D:6      | Reached skill level 8 in Fighting
  6786 | D:6      | Killed a cyclops
  7544 | D:7      | Found Qinot's Assorted Antiques.
  7553 | D:7      | Reached skill level 9 in Fighting
  7559 | D:7      | Noticed an eight-headed hydra
  7565 | D:7      | Noticed a gargoyle
  7566 | D:7      | Reached XP level 10. HP: 35/78 MP: 0/0
  8116 | D:7      | Slain by a gargoyle

Illustrated notes

Levels and vault maps discovered:
D:1:      lordsloth_arrival_two_stooges, layout_loops_ring
D:2:      layout_rooms, basic_ecumenical_altar, basic_altar
D:3:      layout_loops_ring, kennysheep_crisscross, grunt_decor_resistance,
          chequers_hall_statues_wall_a, chequers_serial_rivers_micro_d
D:4:      layout_loops_corners, uniq_ijyb
D:5:      layout_loops_ring, gammafunk_ghost_grave
D:6:      layout_rooms, uniq_maggie
D:7:      cheibrodos_fzero, layout_basic, minitemple,
          minmay_temple_entry_mini_moons, serial_shops, shop

Skill      XL: |  1  2  3  4  5  6  7  8  9 10 |
---------------+-------------------------------+-----
Fighting       | 1 2 3 4 5 7 9 |  9.4
Spellcasting   | 4 5 6 7 8 |  8.0
Dodging        | |  2.1
Stealth        | |  1.5

Action                   |  1- 3 |  4- 6 |  7- 9 | 10-12 || total
-------------------------+-------+-------+-------+-------++-------
Melee: Unarmed           |     2 |       |       |       ||     2
       Staff             |       |       |     5 |     1 ||     6
 Cast: Magic Dart        |    25 |     4 |    89 |    21 ||   139
       Searing Ray       |     1 |     4 |    24 |     1 ||    30
       Necrotise         |    19 |    84 |    22 |       ||   125
       Conjure Flame     |       |       |     7 |       ||     7
       Iskenderun's Myst |       |       |    20 |    16 ||    36
       Mephitic Cloud    |       |       |     1 |       ||     1
  Use: Scroll            |       |       |     6 |       ||     6
Armor: Robe              |     6 |    16 |    22 |     2 ||    46
Dodge: Dodged            |    11 |    23 |    39 |    12 ||    85

Table legend: (Time is in decaauts)
 A = Elapsed time spent in this place.
 B = Non-inter-level travel time spent in this place.
 C = Inter-level travel time spent in this place.
 D = Time resting spent in this place.
 E = Time spent auto-exploring this place.
 F = Levels seen in this place.
 G = Mean time per level.
                   A        B        C        D        E       F      G
               +--------+--------+--------+--------+--------+-----+--------+
         Total |   8115 |   7752 |    363 |    203 |   6733 |   7 | 1159.3 |
       Dungeon |   8115 |   7752 |    363 |    203 |   6733 |   7 | 1159.3 |
               +--------+--------+--------+--------+--------+-----+--------+

Top non-repeatable levels by time:
     D:4: 1841 daAuts
     D:6: 1810 daAuts
     D:5: 1347 daAuts
     D:2: 1084 daAuts
     D:3: 876 daAuts
     D:1: 816 daAuts
     D:7: 338 daAuts
